 Dungeon Crawl Stone Soup version 0.31-a0-845-g9abc20d24f (webtiles) character file.

Game seed: 6787344357145773055

2060 Ethylacetat the Changeling (level 9, -1/61 HPs)
             Began as an Octopode Shapeshifter on Oct 2, 2023.
             Slain by Maggie
             ... wielding a +0 scimitar
              (11 damage)
             ... on level 7 of the Dungeon.
             The game lasted 00:08:57 (6488 turns).

Ethylacetat the Changeling (Octopode Shapeshifter)  Turns: 6488, Time: 00:08:57

Health: -1/61      AC:  1    Str: 13    XL:     9   Next: 25%
Magic:  9/9        EV: 17    Int: 12    God:
Gold:   463        SH:  0    Dex: 22    Spells: 8/8 levels left

rFire   . .          .
                       - Unarmed
rCold   . . .        (no shield)
rNeg    + . .        (helmet currently unavailable)
rPois   .            (no amulet)
rElec   .            g - +6 ring of dexterity
rCorr   .            j - ring of positive energy
SInv    .            (no ring)
Will    .....        (no ring)
Stlth   ++           (no ring)
HPRegen 0.30/turn    (no ring)
MPRegen 0.11/turn    (no ring)
                     (no ring)

%: no passive effects
@: confused, beast-form, ambrosia-drunk
A: beast (slay +4), almost no armour, amphibious, 8 rings, camouflage 1,
gelatinous body 1, (nimble swimmer 1), tentacles
a: Begin Untransformation


You were on level 7 of the Dungeon.
You were a hulking beast.
You visited 2 branches of the dungeon, and saw 8 of its levels.
You also visited: Sewer.

You collected 463 gold pieces.

Inventory:

Jewellery
 g - a +6 ring of dexterity (left tentacle)
 j - a ring of positive energy (right tentacle)
Talismans
 b - a beast talisman (active)
 c - a flux talisman
Wands
 a - a wand of iceblast (6)
Scrolls
 d - 7 scrolls of identify {unknown}
 e - 3 scrolls of enchant weapon {unknown}
 i - a scroll of revelation {unknown}
 k - a scroll of immolation {unknown}
 l - a scroll of noise {unknown}
 n - 4 scrolls of fog {unknown}
 p - a scroll of fear {unknown}
 q - a scroll of blinking {unknown}
 r - a scroll of poison {unknown}
Potions
 f - 2 potions of heal wounds {unknown}
 h - 3 potions of enlightenment
 m - 2 potions of might
 o - 2 potions of haste
 t - a potion of brilliance {unknown}


   Skills:
 + Level 5.2 Fighting
 + Level 5.5 Dodging
 + Level 6.0 Unarmed Combat
 * Level 7.6 Shapeshifting


You had 8 spell levels left.
You didn't know any spells.
Your spell library contained the following spells:

 Spells                   Type           Power      Damage    Failure   Level
 Cigotuvi's Dreadful Rot  Necr/Pois/Air  0%         N/A       45%         2
 Animate Dead             Necr           0%         N/A       97%         4
 Dispel Undead            Necr           0%         3d6       97%         4
 Summon Lightning Spire   Summ/Air       0%         N/A       97%         4
 Borgnjor's Vile Clutch   Necr/Erth      0%         N/A       100%        5
 Lee's Rapid Deconstruct  Erth           0%         3d4*      100%        5
 Death Channel            Necr           0%         N/A       100%        6
 Animate Armour           Summ/Erth      Unusable   N/A       N/A         4

Dungeon Overview and Level Annotations

Branches:
Dungeon (7/15)             Temple (1/1) D:7           Sewer (visited)

Altars:
Ashenzari
Dithmenos
Elyvilon
Kikubaaqudgha
Qazlal
Ru
Trog
Uskayaw
Xom
Yredelemnul
The Shining One
Jiyva

Shops:
D:6 [

Annotations:
D:7 Maggie


Innate Abilities, Weirdness & Mutations

You are a hulking beast.
Your limbs bulge with bestial killing power. (Slay +4)
You cannot wear most types of armour.
You are amphibious.
You can wear up to eight rings at the same time.
Your skin changes colour to match your surroundings (Stealth+).
Your rubbery body absorbs attacks. (AC +1, EV +1)
((You are camouflaged when in or above water. (Stealth+)))
You have tentacles for arms and can constrict up to eight enemies at once.


Message History

Maggie hits you with a +0 scimitar!
You barely miss Maggie.
The bullfrog gives a loud, deep croak!
You grab Maggie.
You tentacle-slap Maggie, but do no damage.
You constrict Maggie. Maggie hits you with a +0 scimitar!
You tentacle-slap Maggie. You squeeze Maggie, but do no damage.
Maggie is lightly wounded.
You constrict Maggie, but do no damage. You tentacle-slap Maggie.
You squeeze Maggie.
Maggie is lightly wounded.
You constrict Maggie. Maggie hits you with a +0 scimitar!
You bludgeon Maggie!
Maggie is moderately wounded.
You constrict Maggie, but do no damage. Maggie hits you with a +0 scimitar.
The shadow imp misses you.
You tentacle-slap Maggie.
Maggie is moderately wounded.
You constrict Maggie, but do no damage. The shadow imp gestures at you.
You struggle to resist.
Maggie hits you with a +0 scimitar!
* * * LOW HITPOINT WARNING * * *
The bullfrog hits you!
* * * LOW HITPOINT WARNING * * *
It was a potion of ambrosia.
You are confused.
You feel invigorated.
You constrict Maggie. The bullfrog barely misses you.
Maggie closely misses you. The shadow imp closely misses you.
You tentacle-slap Maggie.
Maggie is heavily wounded.
You constrict Maggie. The bullfrog misses you.
Maggie hits you with a +0 scimitar!
* * * LOW HITPOINT WARNING * * *
The shadow imp misses you. The bullfrog hits you.
* * * LOW HITPOINT WARNING * * *
You release your grip on Maggie.
You break out of your daze.
The bullfrog attacks as it pursues you! The bullfrog barely misses you.
Maggie hits you with a +0 scimitar!
You die...

### #.. ##.. ##..
#####..##### #
..........#.##.#
###..##?.h.....#
#.......F@..##.#
#.###.#.##...5.....#
#.....#.##......##.#
####..##......# .. #
###..###......# # #
####......#......# #
#........###.......
# #........#
#.......


You could see Maggie, a bullfrog and a shadow imp.

Vanquished Creatures
  A hornet (D:7)
  Sigmund (D:3)
  A water moccasin (Sewer)
  An orc warrior (D:7)
  An ice beast (D:6)
  A black bear (D:4)
  A sky beast (D:7)
  A phantom (D:5)
  2 bullfrogs
  4 scorpions
  3 hounds
  5 orc priests
  A jelly (D:5)
  Ijyb (D:5)
  Jessica (D:2)
  3 iguanas
  8 orc wizards
  4 gnolls (D:6)
  7 adders
  2 white imps
  An ufetubus (D:6)
  4 worms
  3 dart slugs
  24 orcs
  9 ball pythons
  8 bats
  7 endoplasms
  2 giant cockroaches
  6 goblins
  11 hobgoblins
  A jackal (Sewer)
  3 quokkas
  2 frilled lizards (D:1)
  5 kobolds
  A kobold zombie (D:7)
  4 rats
140 creatures vanquished.

Notes
Turn   | Place    | Note
-------+----------+-------------------------------------------
     0 | D:1      | Ethylacetat the Octopode Shapeshifter began the quest for
                  | the Orb.
     0 | D:1      | Reached XP level 1. HP: 13/13 MP: 1/1
   143 | D:1      | Reached XP level 2. HP: 18/18 MP: 2/2
   429 | D:1      | Reached XP level 3. HP: 18/23 MP: 3/3
  1200 | D:2      | Noticed Jessica
  1202 | D:2      | Found a faded altar of an unknown god.
  1217 | D:2      | Killed Jessica
  1218 | D:2      | Reached XP level 4. HP: 21/29 MP: 4/4
  2198 | D:3      | Reached skill level 4 in Shapeshifting
  2208 | D:3      | Noticed Sigmund
  2216 | D:3      | Killed Sigmund
  2217 | D:3      | Reached XP level 5. HP: 17/35 MP: 5/5
  2217 | D:3      | Reached XP level 6. HP: 20/41 MP: 6/6
  2675 | D:3      | You fall into a shaft and drop 2 floors!
  2675 | D:5      | Entered Level 5 of the Dungeon
  2867 | D:4      | Noticed a black bear
  2876 | D:4      | Killed a black bear
  2877 | D:4      | Reached skill level 5 in Shapeshifting
  2914 | D:4      | Found a glowing drain.
  2927 | Sewer    | Entered a sewer
  3011 | Sewer    | Noticed a water moccasin
  3025 | Sewer    | Killed a water moccasin
  3026 | Sewer    | Reached XP level 7. HP: 6/46 MP: 7/7
  3680 | D:4      | Found a white marble altar of Elyvilon.
  4176 | D:5      | HP: 1/41 [something/puff of flame (10)]
  4330 | D:5      | Noticed Ijyb
  4352 | D:5      | Killed Ijyb
  4352 | D:5      | HP: 3/66 [phantom (3)]
  4358 | D:5      | Reached XP level 8. HP: 14/53 MP: 8/8
  4360 | D:5      | Reached skill level 6 in Shapeshifting
  4795 | D:5      | Reached skill level 5 in Unarmed Combat
  5415 | D:6      | Found an ancient bone altar of Kikubaaqudgha.
  5676 | D:6      | Found Honn's Antique Armour Shop.
  5907 | D:7      | Found a staircase to the Ecumenical Temple.
  5910 | D:7      | Reached skill level 5 in Dodging
  5931 | D:7      | Reached skill level 7 in Shapeshifting
  5933 | D:7      | Reached XP level 9. HP: 16/60 MP: 9/9
  5939 | Temple   | Entered the Ecumenical Temple
  6142 | D:7      | Noticed a hornet
  6154 | D:7      | Killed a hornet
  6155 | D:7      | Reached skill level 5 in Fighting
  6476 | D:7      | Noticed Maggie
  6488 | D:7      | Slain by Maggie

Illustrated notes

Levels and vault maps discovered:
D:1:      dpeg_arrival_three_same_balls, layout_loops_corners, minivault_23
D:2:      layout_basic, ebering_ecumenical_altar_mist, corexii_leaking_fountain,
          minmay_close_crescents, uniq_jessica
D:3:      layout_loops_cross, chequers_garden, minmay_misc_feat_nine_boxes,
          uniq_sigmund
D:4:      layout_loops_ring, nicolae_elyvilon_temple_path, portal_sewer_entry_d
D:5:      layout_rooms, ebering_dispersal_statue_hall, corexii_hall_statues_i,
          uniq_ijyb
D:6:      layout_loops_ring, kiku_gazebo_garden_becter, serial_shops,
          nicolae_shop_dealshenge
D:7:      layout_basic, minmay_temple_entry_glass, minmay_mini_ossuary,
          uniq_maggie, uniq_crazy_yiuf_cottage
Temple:   pf_slimified_temple

Skill      XL: |  1  2  3  4  5  6  7  8  9 |
---------------+----------------------------+-----
Fighting       | 2 3 4 5 |  5.2
Shapeshifting  | 4 5 7 |  7.6
Dodging        | 3 4 5 |  5.5
Unarmed Combat | 4 5 6 |  6.0

Action                     |  1- 3 |  4- 6 |  7- 9 || total
---------------------------+-------+-------+-------++-------
  Melee: Unarmed           |    78 |    93 |   170 ||   341
         Constrict         |    19 |    23 |    40 ||    82
         Tentacles         |    12 |    25 |    43 ||    80
         Punch             |     2 |     3 |     8 ||    13
  Evoke: Wand              |       |       |     1 ||     1
    Use: Potion            |       |     1 |    10 ||    11
   Stab: Sleeping          |     8 |     7 |     6 ||    21
 Armour: Skin              |    33 |    41 |   101 ||   175
  Dodge: Dodged            |    52 |    64 |   100 ||   216

Table legend: (Time is in decaauts)
 A = Elapsed time spent in this place.
 B = Non-inter-level travel time spent in this place.
 C = Inter-level travel time spent in this place.
 D = Time resting spent in this place.
 E = Time spent auto-exploring this place.
 F = Levels seen in this place.
 G = Mean time per level.
                   A        B        C        D        E       F      G
               +--------+--------+--------+--------+--------+-----+--------+
         Total |   6410 |   6265 |    145 |     26 |   5247 |   9 |  712.2 |
       Dungeon |   6121 |   5976 |    145 |     26 |   4996 |   7 |  874.4 |
        Temple |      1 |      1 |      0 |      0 |      0 |   1 |    1.0 |
         Sewer |    288 |    288 |      0 |      0 |    251 |   1 |  288.0 |
               +--------+--------+--------+--------+--------+-----+--------+

Top non-repeatable levels by time:
     D:1: 1140 daAuts
     D:6: 983 daAuts
     D:2: 968 daAuts
     D:4: 935 daAuts
     D:5: 928 daAuts
     D:7: 608 daAuts
     D:3: 558 daAuts
   Sewer: 288 daAuts
  Temple: 1 daAuts
